 Dungeon Crawl Stone Soup version 0.30-a0-347-gf58ed5266c (webtiles) character file.

Game seed: 12679150302340876350

1237 hikkokomori the Conjurer (level 8, -2/57 HPs)
             Began as a Green Draconian Conjurer on Nov 7, 2022.
             Slain by Menkaure (19 damage)
             ... on level 5 of the Dungeon.
             The game lasted 00:09:54 (4779 turns).

hikkokomori the Conjurer (Green Draconian Conjurer) Turns: 4779, Time: 00:09:54

Health: -2/57      AC:  8    Str: 11    XL:     8   Next: 24%
Magic:  3/14       EV: 12    Int: 20    God:
Gold:   246        SH:  0    Dex:  9    Spells: 9/16 levels left

rFire   . . .      SeeInvis .    b - +0 dagger (venom)
rCold   . . .      Faith    .    (no shield)
rNeg    . . .      Spirit   .    (body armour unavailable)
rPois   +          Reflect  .    (helmet restricted)
rElec   .          Harm     .    (no cloak)
rCorr   .          Rampage  .    o - +0 pair of gloves
Will    .....                    q - +0 pair of boots
Stlth   ++........               p - amulet of regeneration
HPRegen 1.09/turn                (no ring)
MPRegen 0.14/turn                (no ring)

@: mighty
A: breathe noxious fumes, AC +6, unfitting armour, poison resistance,
cold-blooded
a: Breathe Noxious Fumes


You were on level 5 of the Dungeon.
You visited 1 branch of the dungeon, and saw 6 of its levels.

You collected 246 gold pieces.

Inventory:

Hand Weapons
 b - a +0 dagger of venom (weapon)
Armour
 o - a +0 pair of gloves (worn)
 q - a +0 pair of boots (worn)
Jewellery
 p - an amulet of regeneration (around neck)
Wands
 t - a wand of roots (10)
Scrolls
 c - 2 scrolls of magic mapping {unknown}
 e - 2 scrolls of teleportation
 g - 2 scrolls of poison {unknown}
 h - 8 scrolls of identify {unknown}
 l - a scroll of silence {unknown}
 r - a scroll of blinking {unknown}
 s - a scroll of immolation {unknown}
 u - a scroll of enchant armour {unknown}
 w - a scroll of amnesia {unknown}
Potions
 a - a potion of magic
 d - 4 potions of attraction
 f - a potion of might
 i - 2 potions of flight {unknown}
 j - 2 potions of curing
 k - a potion of berserk rage {unknown}
 m - a potion of heal wounds {unknown}
 n - a potion of invisibility {unknown}
 v - a potion of haste {unknown}


   Skills:
 - Level 1.7 Dodging
 + Level 4.5 Stealth
 - Level 4.6 Spellcasting
 + Level 7.5 Conjurations
 + Level 3.6 Hexes


You had 9 spell levels left.
You knew the following spells:

 Your Spells              Type           Power      Damage    Failure   Level
a - Magic Dart            Conj           100%       1d8       1%          1
b - Searing Ray           Conj           68%        2d6       1%          2
c - Fulminant Prism       Conj/Hex       13%        3d8       12%         4

Your spell library contained the following spells:

 Spells                   Type           Power      Damage    Failure   Level
 Dazzling Flash           Conj/Hex       54%        N/A       3%          3
 Static Discharge         Conj/Air       38%        2-4/arc   4%          2
 Iskenderun's Mystic Bla  Conj/Tloc      19%        2d6       26%         4
 Vhi's Electric Charge    Tloc/Air       8%         N/A       36%         3
 Arcjolt                  Conj/Air       9%         1d19      58%         5
 Lightning Bolt           Conj/Air       9%         1d22      58%         5
 Yara's Violent Unravell  Hex/Tmut       5%         3d4       85%         5
 Blade Hands              Tmut           2%         N/A       98%         5
 Iron Shot                Conj/Erth      9%         9d3       99%         6
 Enfeeble                 Hex            9%         N/A       100%        7
 Animate Armour           Summ/Erth      Unusable   N/A       N/A         4

Dungeon Overview and Level Annotations

Branches:
Dungeon (6/15)
 Temple: D:4-7

Altars:
Ashenzari
Hepliaklqana
Nemelex Xobeh
Trog

Annotations:
D:5 Menkaure
D:6 Pikel


Innate Abilities, Weirdness & Mutations

You can breathe blasts of noxious fumes.
Your lurid green scales are hard. (AC +6)
You cannot fit into any form of body armour.
Your system is resistant to poisons. (rPois)
You are cold-blooded and may be slowed by cold attacks.


Message History

The necrophage hits you but does no damage.
Menkaure barely misses you.
Aiming: Breathe Noxious Fumes (4% risk of failure)
Press: ? - help, Shift-Dir - straight line, f - centaur
Aim: a centaur (75% to hit)
You exhale a blast of noxious fumes.
The blast of choking fumes engulfs Menkaure.
Menkaure completely resists.
The necrophage closely misses you. Menkaure hits you.
Unknown command.
Unknown command.
Pikel shouts!
You hit the necrophage.
You destroy the necrophage!
Menkaure barely misses you. x2
Unknown command.
Menkaure attacks as you move away! Menkaure barely misses you.
Pikel waves his whip at you.
Menkaure calls on the powers of darkness!
The centaur convulses!
Your body is wracked with pain!
Pikel convulses!
You see here a necrophage corpse.
Menkaure shrieks, "Why can't you leave me to my rest?"
Menkaure attacks as you move away! Menkaure closely misses you.
There is a stone staircase leading up here.
You have got your breath back.
Menkaure gestures at you while chanting.
You struggle to resist.
You climb upwards.
There is a stone staircase leading down here.
It was a potion of might.
You feel very mighty all of a sudden. Menkaure hits you!
Menkaure casts a spell at you. Pain shoots through your body!
* * * LOW HITPOINT WARNING * * *
You puncture Menkaure!
Menkaure is moderately damaged.
Menkaure shrieks, "Why can't you leave me to my rest?"
Menkaure hits you!!
You die...

#.....# #.........# ##..>.#
#.........#
#...######.........#
##...#..............#
#....#..............#
#....#..............# ##
##...#...........######.
##'###M..........#......
#......@.........#......
#.....##+##......#......
#.....#...#......#......
######.....#...'......#......
#..........#.).#..)...#......
#.....###'##...#......#.....)
#.....#........#......######)
#.....#...##...#......#...##)
#.....#...##...#......#......


You could see Menkaure (fast).

Vanquished Creatures
  A black bear (D:5)
  2 ogres
  2 phantoms
  A lemure (D:5)
  2 bullfrogs (D:5)
  2 necrophages (D:6)
  2 scorpions
  A wight (D:6)
  4 hounds
  An orc priest (D:5)
  2 iguanas
  Natasha (D:3)
  An orc wizard (D:5)
  3 gnolls (D:5)
  6 adders
  A white imp (D:5)
  2 ufetubi (D:5)
  2 dart slugs
  10 orcs
  12 ball pythons
  3 bats
  6 endoplasms
  4 giant cockroaches
  3 hobgoblins
  3 quokkas
  3 frilled lizards
  9 goblins
  6 kobolds
  4 rats
99 creatures vanquished.

Vanquished Creatures (others)
  6 fulminant prisms (D:6)
  A plant (D:1)
7 creatures vanquished.

Grand Total: 106 creatures vanquished

Notes
Turn   | Place    | Note
-------+----------+-------------------------------------------
     0 | D:1      | hikkokomori the Draconian Conjurer began the quest for the
                  | Orb.
     0 | D:1      | Reached XP level 1. HP: 14/14 MP: 3/3
   213 | D:1      | Reached XP level 2. HP: 18/20 MP: 0/5
  1129 | D:2      | Found a faded altar of an unknown god.
  1285 | D:2      | Found a broken altar of Ashenzari.
  1519 | D:2      | Reached XP level 3. HP: 26/26 MP: 4/7
  2239 | D:3      | Reached XP level 4. HP: 33/33 MP: 5/8
  2240 | D:3      | Identified the +0 ring mail of the Poles {Int+2}
  2361 | D:3      | Noticed Natasha
  2377 | D:3      | Killed Natasha
  2378 | D:3      | Reached skill level 5 in Conjurations
  2622 | D:3      | Learned a level 2 spell: Searing Ray
  2627 | D:3      | Learned a level 4 spell: Fulminant Prism
  2762 | D:4      | Found a hazy altar of Hepliaklqana.
  2821 | D:4      | Noticed an ogre
  2824 | D:4      | Noticed a phantom
  2825 | D:4      | Killed an ogre
  2826 | D:4      | Reached XP level 5. HP: 38/38 MP: 3/10
  2859 | D:4      | Killed a phantom
  2870 | D:4      | Reached XP level 6. HP: 44/45 MP: 3/12
  2964 | D:4      | Found a broken altar of Ashenzari.
  2971 | D:4      | Found a bloodstained altar of Trog.
  2972 | D:4      | Found a sparkling altar of Nemelex Xobeh.
  2994 | D:4      | Reached skill level 6 in Conjurations
  3482 | D:5      | Entered Level 5 of the Dungeon
  3636 | D:5      | Reached skill level 1 in Hexes
  3963 | D:5      | Your scales start taking on a lurid green colour.
  3963 | D:5      | Reached XP level 7. HP: 50/50 MP: 6/13
  3963 | D:5      | Gained mutation: Your system is resistant to poisons.
                  | (rPois) [Green Draconian growth]
  4237 | D:5      | Reached skill level 7 in Conjurations
  4515 | D:6      | Reached XP level 8. HP: 57/57 MP: 14/14
  4578 | D:6      | Noticed Pikel
  4752 | D:6      | Noticed Menkaure
  4779 | D:5      | Slain by Menkaure

Illustrated notes

Levels and vault maps discovered:
D:1:      psy_arrival_wood_between_worlds, layout_loops_ring, moated_statue
D:2:      layout_rooms, basic_altar, ebering_ecumenical_altar_petrified,
          serial_bayou_ford_a
D:3:      layout_basic, minmay_ruptured, uniq_natasha
D:4:      layout_cave_pools, chequers_temple_overflow_statue_of_worship,
          mainiacjoe_overflow_tiny_flanked, fountainhead, minmay_close_crescents
D:5:      layout_gridville
D:6:      layout_loops_ring, minmay_temple_entry_junction, uniq_sigmund,
          uniq_menkaure, uniq_pikel

Skill      XL: |  1  2  3  4  5  6  7 |
---------------+----------------------+-----
Spellcasting   | 3 4 |  4.6
Conjurations   | 5 6 7 |  7.5
Stealth        | 2 4 |  4.5
Hexes          | 1 3 |  3.6
Dodging        | |  1.7

Action                   |  1- 3 |  4- 6 |  7- 9 || total
-------------------------+-------+-------+-------++-------
Melee: Dagger            |    19 |    62 |   168 ||   249
       Tailslap          |     3 |     9 |    14 ||    26
       Unarmed           |     1 |       |       ||     1
       Punch             |       |     2 |       ||     2
 Cast: Magic Dart        |    79 |    51 |    17 ||   147
       Searing Ray       |       |     6 |     1 ||     7
       Fulminant Prism   |       |       |     6 ||     6
 Abil: Breathe Noxious F |       |       |    10 ||    10
Evoke: Wand              |       |       |     1 ||     1
  Use: Scroll            |       |     1 |     1 ||     2
       Potion            |       |       |     3 ||     3
 Stab: Sleeping          |       |       |     1 ||     1
       Confused          |       |       |     1 ||     1
Armor: Skin              |     4 |    24 |    65 ||    93
Dodge: Dodged            |    21 |    38 |   113 ||   172

Table legend: (Time is in decaauts)
 A = Elapsed time spent in this place.
 B = Non-inter-level travel time spent in this place.
 C = Inter-level travel time spent in this place.
 D = Time resting spent in this place.
 E = Time spent auto-exploring this place.
 F = Levels seen in this place.
 G = Mean time per level.
                   A        B        C        D        E       F      G
               +--------+--------+--------+--------+--------+-----+--------+
         Total |   4791 |   4640 |    151 |     73 |   3788 |   6 |  798.5 |
       Dungeon |   4791 |   4640 |    151 |     73 |   3788 |   6 |  798.5 |
               +--------+--------+--------+--------+--------+-----+--------+

Top non-repeatable levels by time:
     D:3: 1096 daAuts
     D:5: 1075 daAuts
     D:1: 861 daAuts
     D:2: 813 daAuts
     D:4: 722 daAuts
     D:6: 221 daAuts
